 Dungeon Crawl Stone Soup version 0.13.1-2-gfb2c2b7 (webtiles) character file.

202 Lilouch the Skirmisher (level 4, -2/34 HPs)
             Began as a Demonspawn Chaos Knight on Dec 12, 2013.
             Was a Plaything of Xom.
             Slain by a gnoll
             ... wielding a +1,+2 spear
              (3 damage)
             ... on Level 3 of the Dungeon.
             The game lasted 00:05:25 (2011 turns).

Lilouch the Skirmisher (Demonspawn Chaos Knight)    Turns: 2011, Time: 00:05:26

HP  -2/34        AC  7     Str 14      XL: 4   Next: 29%
MP   4/4         EV 10     Int 13      God: Xom
Gold 114         SH  0     Dex 12      Spells:  0 memorised,  3 levels left

Res.Fire  : . . .   See Invis. : .   g - +0 spear
Res.Cold  : . . .   Warding    : +   b - +2 leather armour
Life Prot.: + . .   Conserve   : .   (no shield)
Res.Poison: .       Res.Corr.  : .   (no helmet)
Res.Elec. : .       Clarity    : .   (no cloak)
Sust.Abil.: . .     Spirit.Shd : .   (no gloves)
Res.Mut.  : .       Stasis     : .   l - +1 pair of boots
Res.Rott. : .       Flight     : .   x - amulet of warding {unknown}
Saprovore : . . .                    (no ring)
                                     (no ring)

@: slightly resistant to hostile enchantments, fairly stealthy
A: claws 1, conserve scrolls, nightstalker 1
a: Renounce Religion


You were on level 3 of the Dungeon.
You worshipped Xom.
You were a toy of Xom.
You were not hungry.

You visited 1 branch of the dungeon, and saw 3 of its levels.

You collected 94 gold pieces.

Inventory:

Hand weapons
 a - a +0,+0 spear of chaos {=f}
 g - a +0,+0 spear (weapon)
Missiles
 q - 13 poisoned darts (quivered)
 r - 24 bolts
 v - 14 poisoned bolts
Armour
 b - a +2 leather armour (worn)
 l - a +1 pair of boots (worn)
 o - a +1 pair of gloves
Magical devices
 m - a wand of flame (4)
 t - a wand of polymorph (0)
Comestibles
 c - a bread ration
 d - a meat ration
 n - a pear
 u - 13 grapes
Scrolls
 e - a scroll of fog {unknown}
 f - a scroll of random uselessness {unknown}
 h - 2 scrolls of identify {unknown}
 i - 2 scrolls of enchant weapon II {unknown}
 p - a scroll of enchant armour {unknown}
 s - a scroll of enchant weapon I {unknown}
 y - a scroll of magic mapping {unknown}
Jewellery
 x - an amulet of warding (around neck) {unknown}
Potions
 j - 2 potions of heal wounds {unknown}
 k - a potion of curing {unknown}
 w - a potion of confusion {unknown}
 z - a potion of might {unknown}


   Skills:
 + Level 3.9 Fighting
 + Level 3.3 Polearms
 + Level 2.8 Armour
 - Level 0.8 Dodging


You had 3 spell levels left.
You didn't know any spells.

Dungeon Overview and Level Annotations

Branches:
Dungeon (3/27)

Altars:
Kikubaaqudgha
the Shining One


Innate Abilities, Weirdness & Mutations

You have sharp fingernails.
You are very good at protecting items from fire.
You are slightly more attuned to the shadows.


Message History

The gnoll barely misses you.
The gnoll hits you from afar with a spear.
* * * LOW HITPOINT WARNING * * *
The gnoll closely misses you.
You closely miss the gnoll.
The gnoll is heavily wounded.
The gnoll closely misses you. The gnoll barely misses you.
The gnoll hits you with a club.
* * * LOW HITPOINT WARNING * * *
You hit the gnoll but do no damage.
The gnoll is heavily wounded.
The gnoll hits you but does no damage.
Unknown command.
You closely miss the gnoll.
The gnoll is heavily wounded.
Xom smirks.
You detect nothing.
The gnoll barely misses you. The gnoll hits you with a spear.
You die...
Xom snickers!

≈≈≈≈≈.## ##.#### #.#
≈≈≈≈..# #.###### #.#
.≈.≈... .......###.#
..≈... ............#
.≈_ #.####.##### #.#
#g# #g# #@###### #.#
#g##...# ...# #.#
#.##.#.# .....# #.#
#.##.#.# .......# #.#
#.##.#.# .......# #.#
#.##.#.# .......# #.#
#.##.#.# .......# #.#
#.##.#.#
.......####.####....#.#


You could see 3 gnolls.

Vanquished Creatures
  Jessica (D:2)
  2 adders (D:2)
  A gnoll (D:1)
  8 bats
  4 giant cockroaches (D:1)
  4 goblins
  7 hobgoblins
  3 jackals
  8 kobolds
  A quokka (D:2)
  2 giant newts
  2 rats (D:1)
43 creatures vanquished.

Notes
Turn   | Place    | Note
--------------------------------------------------------------
     0 | D:1      | Lilouch, the Demonspawn Chaos Knight, began the quest for the Orb.
     0 | D:1      | Reached XP level 1. HP: 16/16 MP: 1/1
    62 | D:1      | Gained mutation: You have sharp fingernails. [demonic ancestry]
    62 | D:1      | Reached XP level 2. HP: 15/22 MP: 2/2
   511 | D:1      | Gained mutation: You are very good at protecting items from fire. [demonic ancestry]
   511 | D:1      | Reached XP level 3. HP: 26/28 MP: 3/3
   942 | D:2      | XOM: silly message
  1333 | D:2      | Noticed Jessica
  1369 | D:2      | Killed Jessica
  1497 | D:2      | Gained mutation: You are slightly more attuned to the shadows. [demonic ancestry]
  1497 | D:2      | Reached XP level 4. HP: 24/34 MP: 4/4
  1818 | D:2      | Found a glowing golden altar of the Shining One.
  1966 | D:3      | Found an ancient bone altar of Kikubaaqudgha.
  1970 | D:3      | XOM: noise
  1987 | D:3      | XOM: divination: detect creatures
  2005 | D:3      | XOM: cast spell 'Blink'
  2009 | D:3      | HP: 1/34 [gnoll/club (1)]
  2011 | D:3      | XOM: divination: detect creatures
  2011 | D:3      | Slain by a gnoll

Action                   |  1- 3 |  4- 6 || total
-------------------------+-------+-------++-------
Melee: Spear             |   217 |    63 ||   280
       Unarmed           |     6 |       ||     6
Evoke: Wand              |     1 |       ||     1
